Map: Acropolis LE

Players

Gumkomen

  • Race: Terran Terran
  • League: Master
  • Spawn Location: 5:00

Mez - Winner!

  • Race: Terran Terran
  • League: Master
  • Spawn Location: 11:00

VOD

Have the link to the VOD?

Description

Time

  • Played on: Aug. 5, 2019, 5:08 a.m.
  • Length: 20:39
Show
View Real Time Build Order
Export as new Build Order

Gumkomen Terran 

Build Orders: Mech 

Get SALT Encoding   

  12  0:01  SCV  
  13  0:13  SCV  
  14  0:17  Supply Depot  
  14  0:25  SCV  
  15  0:35  Refinery  
  15  0:39  SCV  
  16  0:44  Barracks  
  16  0:51  SCV  
  17  1:03  SCV  
  18  1:15  SCV  
  18  1:16  Refinery  
  19  1:31  Orbital Command  
  19  1:38  Factory  
  19  1:48  Reaper  
  19  1:49  Supply Depot  
  20  1:58  SCV  
  21  2:15  SCV  
  22  2:21  Reaper  
  25  2:23  Hellion  
  25  2:30  Command Center  
  24  2:44  SCV  
  24  2:51  Hellion  
  27  2:53  Reaper, Supply Depot  
  27  2:57  SCV  
  29  3:05  Starport  
  29  3:10  SCV  
  30  3:18  Factory Tech Lab  
  30  3:22  SCV  
  30  3:25  Refinery  
  30  3:31  Barracks Reactor  
  30  3:42  SCV  
  30  3:43  Starport Tech Lab  
  30  3:44  Siege Tank  
  34  3:54  SCV  
  34  3:55  Orbital Command  
  35  4:06  SCV  
  35  4:07  Marine  
  35  4:08  Marine  
  38  4:11  Banshee  
  41  4:19  SCV  
  42  4:25  SCV  
  42  4:28  Siege Tank  
  42  4:29  Marine x2  
  42  4:31  SCV  
  49  4:37  SCV  
  50  4:43  SCV  
  51  4:46  Supply Depot  
  51  4:48  Marine x2, Supply Depot  
  51  4:49  SCV  
  54  4:57  Command Center  
  54  5:05  SCV x2  
  54  5:13  Raven  
  55  5:16  Siege Tank, Marine x2  
  55  5:18  SCV x2  
  62  5:23  Refinery  
  60  5:34  Marine  
  60  5:36  SCV x2  
  62  5:47  Factory  
  62  5:48  Factory, SCV, Siege Tank  
  66  5:50  SCV  
  67  6:00  SCV  
  68  6:04  Raven, Supply Depot  
  68  6:05  Supply Depot  
  68  6:09  Marine x2, Orbital Command  
  72  6:15  SCV x2  
  74  6:21  Siege Tank  
  77  6:27  SCV x2  
  79  6:49  SCV x2  
  79  6:51  Marine  
  79  6:53  Factory Tech Lab  
  79  6:54  Factory Tech Lab  
  82  6:55  Siege Tank, Banshee  
  82  6:56  Marine  
  82  7:01  Command Center, Orbital Command  
  89  7:03  SCV x2  
  91  7:09  Engineering Bay, Marine  
  91  7:15  SCV x2  
  94  7:18  Armory x2  
  95  7:24  Siege Tank x2  
  95  7:29  SCV  
  101  7:31  Factory  
  101  7:32  Factory  
  101  7:42  SCV, Infernal Pre-Igniter  
  101  7:45  SCV  
  101  7:51  Mag-Field Accelerator  
  101  7:54  Refinery  
  101  7:55  Refinery  
  101  8:01  Supply Depot  
  101  8:03  Supply Depot  
  101  8:08  Supply Depot  
  101  8:11  Terran Vehicle And Ship Armor Level 1, Terran Vehicle Weapons Level 1  
  101  8:12  SCV x3  
  104  8:24  SCV x2  
  106  8:39  Factory Tech Lab  
  106  8:41  Cyclone x3  
  115  8:42  Hellion x2  
  115  8:47  SCV x3, Supply Depot  
  122  8:59  SCV  
  122  9:01  Hellion  
  125  9:03  Hellion  
  126  9:12  Planetary Fortress  
  126  9:13  Cyclone x3  
  126  9:14  SCV x3  
  138  9:23  Cyclone  
  141  9:26  Hellion x2, SCV  
  141  9:29  Factory  
  141  9:30  Factory  
  146  9:33  Factory  
  134  9:45  Hellion x2  
  128  9:48  Hellion x3  
  97  10:04  Cyclone  
  97  10:06  Cyclone x2  
  88  10:17  SCV  
  88  10:18  Cyclone  
  92  10:27  Refinery x2  
  92  10:28  Refinery x2  
  92  10:31  Factory Tech Lab x2  
  92  10:36  Siege Tank  
  92  10:38  Siege Tank  
  92  10:39  Siege Tank  
  101  10:46  Hellion x2  
  88  11:08  Hellion x4  
  88  11:09  Hellion x3  
  88  11:11  Hellion x2  
  100  11:29  Hellion x2  
  100  11:30  Hellion x3, Siege Tank x2  
  116  11:48  SCV x3  
  116  11:49  SCV  
  116  11:50  Terran Vehicle And Ship Armor Level 2, Terran Vehicle Weapons Level 2  
  116  11:52  Siege Tank x4  
  116  11:53  Hellion x2  
  136  12:00  SCV  
  136  12:01  SCV x2  
  139  12:02  Siege Tank  
  128  12:18  Cyclone  
  128  12:19  Hellion  
  128  12:20  Hellion x2  
  133  12:24  Cyclone x3  
  140  12:54  Cyclone x2  
  140  12:58  Cyclone  
  147  12:59  Cyclone  
  147  13:04  Hellion x3  
  147  13:05  Hellion x2  
  141  13:25  Hellion  
  141  13:26  Hellion x4, Cyclone  
  148  13:27  Cyclone  
  148  13:30  Cyclone  
  148  13:31  Cyclone  
  141  13:47  Hellion, Cyclone  
  146  13:49  Cyclone  
  143  13:58  Cyclone  
  146  14:06  Factory Tech Lab  
  146  14:09  Starport  
  146  14:11  Starport  
  146  14:12  Cyclone  
  146  14:16  Cyclone x2  
  147  14:19  Cyclone  
  147  14:21  Cyclone  
  141  14:30  Cyclone  
  113  14:44  Command Center  
  110  14:48  Cyclone  
  110  14:49  Cyclone  
  110  14:50  Hellion x3  
  95  15:17  Cyclone x2  
  95  15:18  Cyclone x3  
  95  15:19  Hellion  
  95  15:20  Cyclone  
  106  15:21  Cyclone  
  106  15:27  SCV x2  
  106  15:28  SCV  
  112  15:35  Starport Reactor x2  
  112  15:39  SCV  
  107  16:10  Hellion  
  107  16:11  Hellion x6  
  102  16:17  SCV  
  102  16:18  SCV x2  
  105  16:19  Orbital Command  
  105  16:23  Viking  
  105  16:24  Viking x4  
  114  16:29  SCV  
  114  16:30  SCV x2  
  98  16:53  Viking  
  96  17:01  Cyclone x5  
  95  17:02  Hellion x4  
  96  17:16  Terran Vehicle And Ship Armor Level 3, Terran Vehicle Weapons Level 3  
  96  17:21  Viking x2  
  100  17:23  Hellion  
  102  17:31  Cyclone x2  
  102  17:34  SCV x2  
  80  18:12  Hellion x2  
  81  18:13  Hellion x6  
  95  18:22  Siege Tank  
  96  18:30  SCV  
  96  18:31  SCV x3  
  100  18:34  Siege Tank x6  
  118  18:54  Thor  
  110  19:06  Siege Tank  
  113  19:14  Siege Tank  
  112  19:52  Cyclone  
  105  19:53  Thor  
  105  19:55  Hellion x7  
  113  20:16  Hellion  
  113  20:17  Hellion x3  
Show
View Real Time Build Order
Export as new Build Order

Mez Terran - Winner!

Build Orders: Gas First Reaper Expand 

Get SALT Encoding   

  12  0:00  SCV  
  13  0:13  SCV  
  14  0:17  Supply Depot  
  14  0:25  SCV  
  14  0:28  Refinery  
  15  0:39  SCV  
  16  0:44  Barracks  
  16  0:51  SCV  
  17  1:03  SCV  
  18  1:15  SCV  
  19  1:32  Reaper  
  21  1:35  Orbital Command  
  20  1:43  Command Center  
  20  1:53  Factory  
  20  2:01  SCV  
  20  2:05  Supply Depot  
  21  2:08  Barracks Reactor  
  21  2:13  SCV  
  22  2:18  Refinery  
  22  2:25  SCV  
  23  2:45  SCV  
  23  2:46  Marine  
  23  2:47  Marine  
  23  2:48  Hellion  
  23  2:49  Starport  
  27  2:56  Orbital Command  
  27  2:59  SCV  
  27  3:04  Marine x2  
  30  3:09  Hellion  
  30  3:12  SCV  
  33  3:22  Marine x2  
  33  3:25  Supply Depot  
  35  3:31  SCV x2  
  37  3:40  Factory Tech Lab  
  37  3:41  Starport Tech Lab  
  37  3:48  SCV x2  
  37  3:49  Marine x2  
  41  3:57  Supply Depot  
  41  4:00  Raven, SCV x2  
  48  4:04  Refinery  
  48  4:08  Cyclone  
  48  4:13  SCV x2  
  50  4:23  Marine x2  
  52  4:25  SCV  
  52  4:26  Supply Depot  
  52  4:27  SCV  
  54  4:37  SCV  
  55  4:39  SCV  
  55  4:42  Siege Tank  
  55  4:45  Raven  
  61  4:47  Marine x2  
  61  4:49  SCV  
  61  4:51  SCV  
  65  4:59  Supply Depot  
  65  5:01  SCV  
  65  5:02  Command Center  
  65  5:03  SCV  
  67  5:14  SCV  
  67  5:15  SCV  
  67  5:16  Marine  
  67  5:20  Siege Tank, Marine  
  74  5:23  Supply Depot  
  74  5:26  SCV  
  74  5:27  Raven  
  74  5:28  SCV  
  77  5:40  Refinery  
  77  5:42  Barracks  
  77  5:43  SCV  
  77  5:44  Barracks x2  
  77  5:45  SCV  
  77  5:46  Barracks, Supply Depot  
  79  5:55  SCV  
  80  5:57  SCV  
  80  5:59  Engineering Bay  
  80  6:01  Engineering Bay  
  81  6:07  SCV  
  82  6:28  Marine, Supply Depot  
  82  6:29  Viking x2, Stimpack, Supply Depot  
  82  6:30  Siege Tank  
  82  6:32  SCV x2  
  92  6:33  Barracks Reactor  
  92  6:34  Barracks Reactor x3  
  92  6:45  SCV  
  92  6:46  SCV  
  94  6:48  Orbital Command  
  94  6:57  Terran Infantry Armor Level 1, Marine, Terran Infantry Weapons Level 1  
  94  7:01  Viking x2  
  97  7:04  SCV x2  
  100  7:09  Missile Turret  
  100  7:10  Missile Turret  
  100  7:11  Missile Turret  
  100  7:15  Marine x6  
  101  7:19  Marine x3  
  101  7:22  SCV  
  109  7:23  SCV  
  109  7:26  SCV  
  111  7:33  Marine  
  111  7:34  SCV  
  111  7:35  SCV  
  114  7:38  SCV, Supply Depot  
  114  7:40  Siege Tank  
  114  7:42  Armory  
  118  7:48  SCV x2  
  118  7:49  Marine, Supply Depot  
  118  7:50  SCV, Marine x3  
  125  7:53  Supply Depot  
  125  7:59  Marine x4, Medivac x2  
  125  8:01  Missile Turret  
  125  8:04  Missile Turret, Supply Depot  
  133  8:06  Missile Turret  
  133  8:10  Marine  
  133  8:12  Marine x3  
  137  8:17  Factory  
  137  8:18  Refinery  
  137  8:20  Refinery  
  136  8:32  Marine  
  136  8:33  Marine x8  
  145  8:39  Combat Shield  
  145  8:50  Marine  
  145  8:51  Marine x5  
  145  8:52  Marine x2, Medivac x2  
  157  8:57  Supply Depot  
  157  8:58  Supply Depot x2  
  157  9:00  Command Center  
  157  9:02  Terran Infantry Weapons Level 2  
  157  9:03  Siege Tank, Marine  
  157  9:08  Terran Infantry Armor Level 2, Marine x3  
  158  9:13  Marine  
  158  9:14  Marine x4  
  163  9:20  Marine  
  164  9:26  Marine  
  152  9:49  Marine x4  
  152  9:50  Marine x4, Marauder  
  157  9:56  Barracks  
  157  9:57  Barracks  
  148  10:06  Viking  
  140  10:07  Marine x7  
  140  10:08  Marine  
  140  10:10  Marine  
  135  10:25  Marine x8  
  135  10:27  Medivac  
  138  10:28  Marine  
  139  10:36  Siege Tank, Medivac, Factory Tech Lab  
  139  10:39  Barracks  
  144  10:43  Marine x7  
  139  10:57  Medivac  
  139  10:59  Marine x2  
  139  11:00  Siege Tank, Marine  
  139  11:01  Marine x2  
  139  11:02  Barracks Tech Lab x2  
  147  11:05  Planetary Fortress  
  147  11:06  Medivac  
  147  11:08  Siege Tank  
  149  11:18  Refinery  
  149  11:23  Refinery  
  149  11:32  Siege Tank  
  137  11:34  Liberator x2  
  137  11:35  Marine x9  
  137  11:36  Marauder  
  137  11:38  Barracks Tech Lab  
  140  11:40  Siege Tank  
  142  11:59  Starport x2  
  135  12:03  Command Center  
  135  12:04  Siege Tank, Marine x3  
  135  12:05  Marauder  
  139  12:12  Siege Tank, SCV x2  
  139  12:13  SCV  
  135  12:24  SCV  
  135  12:25  SCV x2  
  137  12:36  Siege Tank, SCV  
  143  12:37  SCV x2  
  143  12:48  SCV  
  140  12:51  Marine x2  
  140  12:52  Marine x4, Marauder x4  
  149  13:02  SCV x3  
  149  13:03  SCV  
  132  13:09  Siege Tank  
  129  13:13  Marauder  
  129  13:14  SCV x2  
  131  13:27  Starport Reactor, Starport Tech Lab  
  126  13:41  Marine x9, Marauder x3  
  132  13:56  Siege Tank  
  132  13:57  SCV x2  
  132  13:59  Marine x2  
  132  14:00  Marauder  
  132  14:02  Marauder x2  
  131  14:10  Marine x3, Marauder  
  131  14:14  Liberator x3  
  124  14:32  Viking  
  124  14:34  SCV  
  124  14:35  SCV x3  
  121  15:01  Liberator  
  121  15:10  Marauder  
  121  15:12  Marine x8, Marauder x3  
  129  15:21  SCV x3  
  129  15:22  SCV  
  133  15:29  Marine  
  133  15:30  Marine x3  
  137  15:38  Command Center  
  137  15:53  Liberator x4  
  128  16:11  Marine x10  
  113  16:40  Liberator x2  
  113  16:41  Marine x4, Liberator x3  
  113  16:42  Marine x2, Marauder x3  
  117  17:00  Marauder  
  119  17:23  Liberator  
  119  17:27  Marine  
  119  17:28  Marine x6  
  126  17:34  Planetary Fortress  
  126  17:40  Viking  
  126  17:41  Viking  
  115  18:05  Siege Tank, Marine x7, Marauder x2  
  115  18:06  Siege Tank  
  115  18:07  Viking  
  121  18:18  Viking x3  
  121  18:19  Marine x3  
  123  18:22  Refinery, Marine  
  123  18:23  Viking, Marine x3  
  131  18:32  Marine  
  131  18:33  Marine x4  
  136  18:37  Marine x2  
  136  18:38  Siege Tank x2  
  144  18:48  Fusion Core  
  135  19:01  Marine x12  
  144  19:12  Command Center  
  144  19:13  SCV  
  144  19:14  SCV x4  
  144  19:16  Siege Tank  
  152  19:18  Marine  
  152  19:19  Marine x3  
  156  19:25  Viking x3  
  156  19:26  Marine x2  
  164  19:33  Refinery  
  159  19:39  Marine, Marauder  
  159  19:40  Siege Tank  
  136  20:15  Marine x3, Marauder x2  
Tags
 
Add a new tag
Caveats
  • Supply blocks, unpowered buildings, or Contaminate may cause inaccurate times.
  • Supply counts are checked every 10 seconds.